[Event "Titled Tuesday Blitz July 6 2021"]
[White "Yang, Kaiqi"]
[Black "Tomiello, Lucas Costamilan"]
[WhiteFideId "8604398"]
[BlackFideId "22701940"]
[WhiteElo "2373"]
[BlackElo "1945"]
[Result "1-0"]
[Round "10"]
[TimeControl "180+1"]
[Date "2021.07.06"]
[WhiteClock "0:00:08"]
[BlackClock "0:00:31"]

1. Nf3 Nf6 2. g3 g6 3. Bg2 Bg7 4. O-O O-O 5. c4 c5 6. Nc3 Nc6 7. d4 cxd4 8. Nxd4 d6 9. Nxc6 bxc6 10. Bxc6 Rb8 11. Bg2 Be6 12. b3 d5 13. cxd5 Nxd5 14. Nxd5 Bxa1 15. Bf4 Rb5 16. Qxa1 Bxd5 17. Bh6 f6 18. Bxf8 Qxf8 19. Bxd5+ Rxd5 20. Rd1 Qd8 21. Rxd5 Qxd5 22. Qb1 Kg7 23. Qd3 Qc6 24. b4 h5 25. b5 Qc5 26. a4 h4 27. gxh4 Qb4 28. Qe3 Qxa4 29. Qxe7+ Kh6 30. Qxf6 Qxb5 31. Qh8# 1-0


[Site "https://www.chess.com"]

[Event "Titled Tuesday Blitz July 6 2021"]
[White "Zhigalko, Sergei"]
[Black "Zubov, Alexander"]
[WhiteFideId "13502956"]
[BlackFideId "14109409"]
[WhiteElo "2662"]
[BlackElo "2740"]
[Result "0-1"]
[Round "10"]
[TimeControl "180+1"]
[Date "2021.07.06"]
[WhiteClock "0:00:02"]
[BlackClock "0:00:07"]

1. e4 c5 2. Nf3 e6 3. c3 Nf6 4. e5 Nd5 5. Bc4 d6 6. d4 cxd4 7. cxd4 Nc6 8. O-O Be7 9. Bd2 O-O 10. Nc3 Nb6 11. Bb3 Na5 12. Bc2 Nac4 13. Qe2 Nxd2 14. Nxd2 Bd7 15. Nde4 Bc6 16. Rad1 Rc8 17. Rfe1 Nd5 18. Nxd5 Bxd5 19. Nc3 Bc4 20. Qe4 g6 21. d5 Qb6 22. Bb3 Bxb3 23. axb3 dxe5 24. Qxe5 Qxb3 25. dxe6 fxe6 26. Nd5 exd5 27. Qe6+ Kh8 28. Qxe7 Qxb2 29. Re2 Qg7 30. Qa3 b6 31. Rxd5 Qf7 32. Rd1 Kg8 33. h3 Rfd8 34. Rde1 Rf8 35. Qb2 Rc7 36. Re3 Qd5 37. Re5 Qf7 38. R5e3 Rd7 39. Rf3 Qg7 40. Qa2+ Kh8 41. Rxf8+ Qxf8 42. Qe6 Rf7 43. Rc1 Kg7 44. Qe5+ Kh6 45. Qe3+ Kg7 46. Qe5+ Kg8 47. Qd5 Qe7 48. Rb1 Kg7 49. Rc1 Qf6 50. f3 Qf5 51. Qd4+ Qf6 52. Qd5 Re7 53. Rd1 Qe5 54. Qd8 Qe3+ 55. Kh1 Qe6 56. Rd2 Qe1+ 57. Kh2 Qe5+ 58. Kh1 Qc7 59. Qd3 Qc1+ 60. Rd1 Qc5 61. Kh2 Qe5+ 62. Kh1 a5 63. Qa6 Qc5 64. Rb1 Re6 65. Qa7+ Kh6 66. Qf7 Qd6 67. Qg8 a4 68. Qa8 a3 69. Ra1 Re3 70. Qa4 Qe5 0-1


[Site "https://www.chess.com"]

[Event "Titled Tuesday Blitz July 6 2021"]
[White "Zubritskiy, Artyom"]
[Black "Elgersma, Onno"]
[WhiteFideId "4181247"]
[BlackFideId "1053531"]
[WhiteElo "2559"]
[BlackElo "2500"]
[Result "0-1"]
[Round "10"]
[TimeControl "180+1"]
[Date "2021.07.06"]
[WhiteClock "0:00:10"]
[BlackClock "0:01:27"]

1. b4 Nf6 2. Bb2 d5 3. f4 e6 4. a3 Be7 5. Nf3 O-O 6. e3 b6 7. Be2 c5 8. O-O Nc6 9. b5 Na5 10. Ne5 Bb7 11. d3 Rc8 12. Nd2 Nd7 13. Qe1 f6 14. Nef3 c4 15. Bd4 cxd3 16. cxd3 Nc5 17. Rb1 Qd7 18. Qg3 Na4 19. Nb3 Nc3 20. Bxc3 Rxc3 21. Nxa5 bxa5 22. a4 Bc5 23. Nd4 Ra3 24. Ra1 Rxa1 25. Rxa1 Qd6 26. Bg4 Bc8 27. Nc6 Bd7 28. d4 Bb4 29. Nxa7 Ra8 30. Nc6 Bxc6 31. bxc6 Qxc6 32. f5 exf5 33. Bxf5 Re8 34. Qh3 g6 35. Bd7 Qc3 36. Bxe8 Qxa1+ 37. Kf2 Qe1+ 38. Kf3 Qf1+ 39. Kg4 h5+ 40. Kh4 Be1+ 41. g3 g5+ 0-1


[Site "https://www.chess.com"]

[Event "Titled Tuesday Blitz July 6 2021"]
[White "Afanasiev, Nikita"]
[Black "Bilych, Olexiy"]
[WhiteFideId "24183555"]
[BlackFideId "14156504"]
[WhiteElo "2521"]
[BlackElo "2246"]
[Result "1-0"]
[Round "11"]
[TimeControl "180+1"]
[Date "2021.07.06"]
[WhiteClock "0:00:58"]
[BlackClock "0:00:03"]

1. c4 g6 2. Nc3 Bg7 3. d4 d6 4. e4 Nf6 5. Nf3 O-O 6. Bd3 Nc6 7. d5 Nb8 8. h3 c6 9. O-O Na6 10. Re1 Nc7 11. Bf4 e6 12. dxc6 bxc6 13. e5 Nfe8 14. exd6 Nxd6 15. Bxg6 hxg6 16. Qxd6 Na6 17. Qxc6 Qb6 18. Qxa8 Bb7 19. Na4 Qc6 20. Qxa7 Nb4 21. Qb6 Nd3 22. Qxc6 Bxc6 23. Nc3 Nxf4 24. Rad1 Rb8 25. Nd4 Bxg2 26. Nce2 Nxe2+ 27. Rxe2 Bxh3 28. b3 Rd8 29. Red2 Ra8 30. Kh2 Bg4 31. f3 Bh5 32. Kg2 e5 33. Ne2 Kh7 34. Ng3 e4 35. Nxe4 g5 36. Nxg5+ Kg6 37. Ne4 f5 38. Ng3 Be5 39. Re2 Bf4 40. Rd5 Rf8 41. Re6+ Kf7 42. Rxf5+ Kxe6 43. Rxf8 Bd6 44. Rh8 Bf7 45. Rh6+ Ke7 46. Nf5+ 1-0


[Site "https://www.chess.com"]

[Event "Titled Tuesday Blitz July 6 2021"]
[White "Ahmad, Al Khatib"]
[Black "Ciorgovean, Iustin"]
[WhiteFideId "8103178"]
[BlackFideId "1242911"]
[WhiteElo "2151"]
[BlackElo "2075"]
[Result "1-0"]
[Round "11"]
[TimeControl "180+1"]
[Date "2021.07.06"]
[WhiteClock "0:01:24"]
[BlackClock "0:01:02"]

1. e4 c5 2. Nf3 d6 3. Bb5+ Nd7 4. d4 cxd4 5. Qxd4 a6 6. Bxd7+ Bxd7 7. c4 Rc8 8. Nc3 e5 9. Qd3 Qc7 10. b3 b5 11. Nd5 Qc6 12. Nd2 Nf6 13. O-O Nxd5 14. exd5 Qb7 15. f4 Be7 16. f5 Bg5 17. Ne4 Bxc1 18. Nxd6+ 1-0


[Site "https://www.chess.com"]

[Event "Titled Tuesday Blitz July 6 2021"]
[White "Alavi, Sayed Javad"]
[Black "Matinian, Nikita"]
[WhiteFideId "12500607"]
[BlackFideId "24129100"]
[WhiteElo "2495"]
[BlackElo "2410"]
[Result "1-0"]
[Round "11"]
[TimeControl "180+1"]
[Date "2021.07.06"]
[WhiteClock "0:00:09"]
[BlackClock "0:00:02"]

1. Nf3 d6 2. d4 Nf6 3. Nc3 Bf5 4. Nh4 Bg6 5. Nxg6 hxg6 6. e4 Nbd7 7. Be3 c6 8. f3 e5 9. Qd2 Qa5 10. Be2 Be7 11. a3 Nh5 12. O-O-O b5 13. Kb1 b4 14. Na2 Rb8 15. Nxb4 Rc8 16. d5 c5 17. Nc6 Qb6 18. g4 Nhf6 19. Ka2 Nb8 20. Na5 Nfd7 21. Rb1 Qc7 22. Bb5 a6 23. Ba4 Rh3 24. Qg2 Rh8 25. Nc4 Kf8 26. Bd2 g5 27. Ba5 Qb7 28. Qf2 Kg8 29. b4 Qa7 30. bxc5 Nxc5 31. Bb6 Qa8 32. Bxc5 Rxc5 33. Nb6 Qa7 34. Nc8 Qc7 35. Nxe7+ Kh7 36. Nc6 Nxc6 37. Bxc6 Kg6 38. Rb2 Rh3 39. Qg2 Rh4 40. Qf2 Qa5 41. Rf1 Rh3 42. Qg2 Rh4 43. Rb3 Qa4 44. Qe2 Qa5 45. Qf2 Rh3 46. Qg2 Rh4 47. Kb2 Qc7 48. Rd1 Qa5 49. Qf2 Qc7 50. Rdd3 Qa5 51. Rdc3 Rxc3 52. Rxc3 Rh8 53. Rb3 Qc7 54. Qb6 Qe7 55. Qb7 Qf6 56. Bd7 Rxh2 57. Bf5+ Kh6 58. Qc8 g6 59. Rb8 gxf5 60. Qh8+ Qxh8 61. Rxh8+ 1-0


[Site "https://www.chess.com"]

[Event "Titled Tuesday Blitz July 6 2021"]
[White "Alavkin, Arseny"]
[Black "Sonis, Francesco"]
[WhiteFideId "4120612"]
[BlackFideId "895733"]
[WhiteElo "2401"]
[BlackElo "2373"]
[Result "1-0"]
[Round "11"]
[TimeControl "180+1"]
[Date "2021.07.06"]
[WhiteClock "0:00:36"]
[BlackClock "0:00:22"]

1. e4 e6 2. d4 d5 3. exd5 exd5 4. Nf3 Bd6 5. c4 dxc4 6. Bxc4 Nf6 7. Nc3 O-O 8. O-O h6 9. h3 Nc6 10. a3 Re8 11. Qc2 Ne7 12. Qb3 Rf8 13. Re1 Bf5 14. Qxb7 Rb8 15. Qa6 Bd7 16. Ne5 Rb6 17. Qxa7 Bxe5 18. dxe5 Nc6 19. Qxb6 cxb6 20. exf6 Qxf6 21. Be3 Ne5 22. Bd5 Nd3 23. Re2 Nxb2 24. Rxb2 Qxc3 25. Raa2 Be6 26. Bxe6 fxe6 27. Rxb6 Qd3 28. Rd2 Qxa3 29. Rxe6 Qb3 30. Re7 Rf7 31. Re8+ Kh7 32. Rdd8 Qb4 33. Kh2 Re7 34. Rxe7 Qxe7 35. Rd4 g5 36. g3 Kg6 37. Ra4 Qe6 38. Rb4 Qd5 39. Rb6+ Kg7 40. Rb4 h5 41. h4 g4 42. Rd4 Qa2 43. Rd6 Kf7 44. Rc6 Ke7 45. Rc5 Ke6 46. Rxh5 Qc2 47. Rg5 Kf6 48. Rxg4 Kf5 49. Rf4+ Ke5 50. h5 Qd1 51. h6 Qd3 52. Rh4 Qh7 53. Rg4 Qf5 1-0


[Site "https://www.chess.com"]

[Event "Titled Tuesday Blitz July 6 2021"]
[White "AleksanderHnydiuk"]
[Black "Sardana, Rishi"]
[BlackFideId "25004301"]
[WhiteElo "2574"]
[BlackElo "2340"]
[Result "1-0"]
[Round "11"]
[TimeControl "180+1"]
[Date "2021.07.06"]
[WhiteClock "0:00:16"]
[BlackClock "0:00:04"]

1. d4 Nf6 2. c4 e6 3. g3 d5 4. Nf3 Bb4+ 5. Bd2 Be7 6. Bg2 O-O 7. O-O Nbd7 8. Qc2 c6 9. Bf4 b6 10. Nbd2 Nh5 11. Be3 Bb7 12. Rfc1 Rc8 13. Qa4 a6 14. cxd5 b5 15. Qb3 cxd5 16. a4 b4 17. Ne5 Nhf6 18. Bg5 a5 19. Nxd7 Qxd7 20. Nf3 Ba6 21. Ne5 Qb7 22. Bf1 h6 23. Bxf6 Bxf6 24. e3 Bxf1 25. Kxf1 Bxe5 26. dxe5 d4 27. Kg1 Qf3 28. Qd3 dxe3 29. Qxe3 Qxe3 30. fxe3 Rfd8 31. b3 Rxc1+ 32. Rxc1 Rd5 33. Rc4 Rxe5 34. e4 f5 35. exf5 exf5 36. Kf2 Kf7 37. Rc7+ Kf6 38. Rc6+ Kg5 39. Kf3 Kh5 40. Kf4 Rd5 41. Ke3 g5 42. h3 g4 43. h4 Re5+ 44. Kf4 Rd5 45. Rf6 Rd3 46. Rxf5+ Kg6 47. h5+ Kg7 48. Rxa5 Rxb3 49. Rb5 Rb1 50. Kxg4 b3 51. a5 b2 52. a6 Ra1 53. Rb7+ Kf6 54. Rb6+ Kg7 55. Rxb2 Rxa6 56. Rb4 Kf6 57. Rf4+ Kg7 58. Kf5 Ra5+ 59. Kg4 Rg5+ 60. Kh4 Rd5 61. Rg4+ Kh7 62. Rg6 Rd4+ 63. g4 Rd1 64. Re6 Rf1 65. Kg3 Rf7 66. Re4 Kg7 67. Rf4 Rb7 68. Rf5 Rb3+ 69. Kh4 Rb4 70. Rd5 Rb7 71. Rd6 Rc7 72. Kg3 Rc3+ 73. Kf4 Rc4+ 74. Kf5 Rc5+ 75. Ke4 Rc4+ 76. Rd4 Rc7 77. Ke5 Rc5+ 78. Ke6 Rg5 79. Rd7+ Kg8 80. Rd4 Kg7 81. Rf4 Kg8 82. Kf6 Kf8 83. Ra4 Kg8 84. Ra8+ Kh7 85. Ra7+ Kh8 86. Ra4 Kh7 87. Re4 Kg8 88. Rd4 Kh7 89. Kf7 Rg7+ 90. Ke6 Rg5 91. Kf6 Rg7 92. Kf5 Rg5+ 93. Kf4 Kg7 94. Re4 Rb5 95. Re7+ Kf6 96. Rh7 Rb4+ 97. Kg3 Kg5 98. Rg7+ Kf6 99. Rg6+ 1-0


[Site "https://www.chess.com"]

[Event "Titled Tuesday Blitz July 6 2021"]
[White "Arabidze, Meri"]
[Black "Leitao, Rafael"]
[WhiteFideId "13604040"]
[BlackFideId "2101246"]
[WhiteElo "2432"]
[BlackElo "2609"]
[Result "0-1"]
[Round "11"]
[TimeControl "180+1"]
[Date "2021.07.06"]
[WhiteClock "0:00:05"]
[BlackClock "0:00:08"]

1. d4 Nf6 2. Nf3 g6 3. g3 Bg7 4. Bg2 O-O 5. O-O d6 6. a4 a5 7. Re1 Nbd7 8. e4 e5 9. Nc3 Re8 10. h3 exd4 11. Nxd4 Nc5 12. Ndb5 Bd7 13. f3 Bc6 14. g4 Nfd7 15. Be3 Nb6 16. Bd4 Bh6 17. b3 Ne6 18. Be3 Bxe3+ 19. Rxe3 Nf4 20. Ne2 Nxg2 21. Kxg2 f5 22. Nbd4 fxe4 23. Nxc6 exf3+ 24. Rxf3 bxc6 25. Nd4 c5 26. Nb5 Qe7 27. Qd3 Qe2+ 28. Qxe2 Rxe2+ 29. Rf2 Rxf2+ 30. Kxf2 Rf8+ 31. Kg3 Rf7 32. Re1 Kf8 33. Na7 Nd5 34. Nc6 Nb4 35. Nxa5 Nxc2 36. Rb1 Nd4 37. Kg2 c6 38. Nc4 d5 39. Ne5 Rb7 40. a5 Ra7 41. Ra1 Nxb3 42. Nxc6 Ra6 43. Ra3 c4 44. Nb4 Rxa5 45. Rxa5 Nxa5 46. Nxd5 Kf7 47. Kf3 Ke6 48. Ke4 Nc6 49. Nc3 Kd6 50. Na4 Ke6 51. Nc3 Ne5 52. Na4 Kd6 53. Kd4 Nf3+ 54. Kxc4 Ke5 55. Kd3 Kf4 56. Ke2 Kg3 57. Nc5 Ng5 58. Ke3 Nxh3 59. Ne6 Kxg4 60. Nf8 Ng5 61. Kf2 Kf5 62. Kg3 Ne4+ 63. Kh4 h5 64. Nh7 Nf6 65. Ng5 Kf4 66. Ne6+ Kf5 67. Ng7+ Kf4 68. Ne6+ Ke5 69. Nf8 Kf5 70. Kg3 g5 71. Kf3 h4 72. Kg2 g4 73. Kh2 g3+ 74. Kh3 Ne4 75. Nd7 Ng5+ 76. Kg2 Kf4 77. Nf6 h3+ 78. Kg1 Nf3+ 79. Kf1 g2+ 80. Ke2 g1=Q 0-1


[Site "https://www.chess.com"]

[Event "Titled Tuesday Blitz July 6 2021"]
[White "Araujo Filho, Luiz Antonio Coel"]
[Black "Garcia, Gabriel Gonzaga"]
[WhiteFideId "2130661"]
[BlackFideId "2138956"]
[WhiteElo "2287"]
[BlackElo "2240"]
[Result "1-0"]
[Round "11"]
[TimeControl "180+1"]
[Date "2021.07.06"]
[WhiteClock "0:01:08"]
[BlackClock "0:00:30"]

1. d4 Nf6 2. Nf3 e6 3. e3 b6 4. Bd3 Bb7 5. Nbd2 d5 6. Qe2 c5 7. c3 Nc6 8. O-O Bd6 9. dxc5 bxc5 10. e4 Bf4 11. exd5 Qxd5 12. Rd1 O-O 13. Ne4 Qf5 14. Nxf6+ Qxf6 15. Qe4 Rfd8 16. Bxf4 Na5 17. Qxh7+ Kf8 18. Bg5 1-0


[Site "https://www.chess.com"]

[Event "Titled Tuesday Blitz July 6 2021"]
[White "Assaubayeva, Bibisara"]
[Black "Lopez Gracia, Fernando"]
[WhiteFideId "13708694"]
[BlackFideId "2207184"]
[WhiteElo "2232"]
[BlackElo "2421"]
[Result "1-0"]
[Round "11"]
[TimeControl "180+1"]
[Date "2021.07.06"]
[WhiteClock "0:00:11"]
[BlackClock "0:00:20"]

1. d4 Nf6 2. c4 e6 3. Nf3 c5 4. d5 exd5 5. cxd5 d6 6. Nc3 g6 7. Bf4 Bg7 8. Qa4+ Bd7 9. Qb3 b5 10. Bxd6 c4 11. Qa3 Qb6 12. Qc5 Na6 13. Qxb6 axb6 14. Be5 O-O 15. e3 Nc5 16. Rd1 b4 17. Nb1 b5 18. a3 bxa3 19. Nxa3 Rfe8 20. Be2 Na4 21. O-O Ne4 22. Bxg7 Kxg7 23. Rb1 Nxb2 24. Nxb5 Ra2 25. Nbd4 Nc3 26. Ra1 Rea8 27. Rxa2 Rxa2 28. Ne5 Bb5 29. d6 Nxe2+ 30. Nxe2 Nd3 31. Nc3 Rb2 32. d7 Bxd7 33. Nxd7 Rc2 34. Ne4 c3 35. Ndc5 Nb4 36. Nb3 f5 37. Nec5 Rb2 38. Nd4 c2 39. Ncb3 Rb1 40. g3 Kf6 41. Kg2 g5 42. Rc1 g4 43. h3 h5 44. hxg4 hxg4 45. f3 Rxc1 46. Nxc1 gxf3+ 47. Kxf3 Ke5 48. Ke2 Ke4 49. Kd2 Nd5 50. Nxc2 f4 51. gxf4 Nxf4 52. Ne2 Nd5 53. Nc3+ Ke5 54. Nxd5 Kxd5 55. Kd3 Ke5 56. e4 Ke6 57. Ne3 Kd7 58. Nc4 Ke6 59. Kd4 Kd7 60. e5 Ke6 61. Ke4 Ke7 62. Kd5 Kd7 63. e6+ Ke7 64. Ke5 Ke8 65. Kd6 Kd8 66. Ne5 Ke8 67. Nd3 Kd8 68. Nf2 Ke8 69. e7 Kf7 70. Kd7 1-0


[Site "https://www.chess.com"]

[Event "Titled Tuesday Blitz July 6 2021"]
[White "Bach, Matthias"]
[Black "Rostovtsev, Dmitry"]
[WhiteFideId "4603168"]
[BlackFideId "34278320"]
[WhiteElo "2213"]
[BlackElo "2114"]
[Result "1-0"]
[Round "11"]
[TimeControl "180+1"]
[Date "2021.07.06"]
[WhiteClock "0:01:08"]
[BlackClock "0:01:09"]

1. d4 Nf6 2. c4 g6 3. Nc3 Bg7 4. e4 d6 5. f4 O-O 6. Nf3 c5 7. d5 e6 8. Be2 exd5 9. cxd5 Re8 10. e5 dxe5 11. fxe5 Ng4 12. e6 fxe6 13. Bg5 Qb6 14. Qd2 Nd7 15. h3 Nge5 16. O-O Nxf3+ 17. Bxf3 Ne5 18. Be4 Bd7 19. Rae1 Nc4 20. Qf4 Rf8 21. Qh4 Qxb2 22. dxe6 Bxe6 23. Nd5 Qd4+ 24. Be3 Nxe3 25. Ne7+ Kh8 26. Nxg6+ Kg8 27. Ne7+ Kh8 28. Qxh7# 1-0


[Site "https://www.chess.com"]

[Event "Titled Tuesday Blitz July 6 2021"]
[White "Bon, Michael"]
[Black "Koelle, Tobias"]
[WhiteFideId "620696"]
[BlackFideId "16207378"]
[WhiteElo "2425"]
[BlackElo "2364"]
[Result "1-0"]
[Round "11"]
[TimeControl "180+1"]
[Date "2021.07.06"]
[WhiteClock "0:00:17"]
[BlackClock "0:00:20"]

1. e4 g6 2. d4 Bg7 3. Nc3 c5 4. d5 d6 5. f4 Bxc3+ 6. bxc3 e5 7. dxe6 Bxe6 8. Nf3 Nc6 9. Bd3 Qa5 10. O-O Qxc3 11. Rb1 Qa5 12. Rxb7 Nge7 13. f5 Bc8 14. Rb5 Qxa2 15. Bb2 Rf8 16. Qd2 c4 17. Ra1 Qxa1+ 18. Bxa1 cxd3 19. cxd3 gxf5 20. Ng5 Bd7 21. Nxh7 O-O-O 22. Nxf8 Rxf8 23. Bf6 Kc7 24. Qb2 Bc8 25. Qc3 Re8 26. h4 fxe4 27. dxe4 Bd7 28. e5 Nc8 29. exd6+ Nxd6 30. Re5 Rb8 31. Kh2 Rb4 32. Rc5 Ne4 33. Qxb4 Nxf6 34. Qf4+ Kb6 35. Rxc6+ Bxc6 36. Qxf6 a5 37. Qa1 a4 38. h5 Be4 39. h6 Kb5 40. Qa3 Bg6 41. Kg3 Be4 42. Kf4 Bg6 43. Kg5 Kc4 44. g4 Kb5 45. Kf6 Ka5 46. Kg7 f5 47. h7 Bxh7 48. Kxh7 fxg4 49. Kg6 g3 50. Qxg3 Kb4 51. Qe1+ Kb3 52. Qb1+ Kc3 53. Qa1+ Kc2 54. Kf5 a3 55. Qxa3 Kb1 56. Ke4 Kc2 57. Kd4 Kb1 58. Qc3 Ka2 59. Qb4 1-0


[Site "https://www.chess.com"]

[Event "Titled Tuesday Blitz July 6 2021"]
[White "Bryant, Jehron"]
[Black "Baskin, Robert"]
[WhiteFideId "2044455"]
[BlackFideId "24662402"]
[WhiteElo "2405"]
[BlackElo "2462"]
[Result "0-1"]
[Round "11"]
[TimeControl "180+1"]
[Date "2021.07.06"]
[WhiteClock "0:00:13"]
[BlackClock "0:00:19"]

1. e4 e5 2. Nf3 Nc6 3. Bb5 a6 4. Ba4 Nge7 5. O-O g6 6. c3 Bg7 7. d4 exd4 8. cxd4 b5 9. Bc2 d6 10. h3 O-O 11. Be3 Nb4 12. Bb3 Bb7 13. a3 Nbc6 14. Nc3 Na5 15. Ba2 Qc8 16. Bg5 Re8 17. Re1 c5 18. Bxe7 Rxe7 19. Nd5 Bxd5 20. Bxd5 Rb8 21. Rc1 b4 22. Qa4 Qc7 23. e5 bxa3 24. bxa3 Rb5 25. exd6 Rxe1+ 26. Rxe1 Qxd6 27. Re8+ Bf8 28. Be4 cxd4 29. Qxd4 Qxa3 30. Qd8 Nb7 31. Bxb7 Rxb7 32. Ne5 Qc5 33. Nd7 Qc1+ 34. Kh2 Qf4+ 0-1


[Site "https://www.chess.com"]

[Event "Titled Tuesday Blitz July 6 2021"]
[White "Costachi, Mihnea"]
[Black "Novikov, Evgenij"]
[WhiteFideId "1217518"]
[BlackFideId "4125380"]
[WhiteElo "2482"]
[BlackElo "2242"]
[Result "0-1"]
[Round "11"]
[TimeControl "180+1"]
[Date "2021.07.06"]
[WhiteClock "0:00:44"]
[BlackClock "0:00:20"]

1. f3 f6 2. Kf2 Kf7 3. Kg3 Kg6 4. Kh4 d5 5. Kg3 e5 6. e4 Bc5 7. exd5 Nh6 8. Bd3+ Bf5 9. Bc4 e4 10. Ne2 Qd6+ 11. f4 Bg4 12. d3 Re8 13. dxe4 Rxe4 14. Bd3 Qxd5 15. Nec3 Nf5+ 16. Kxg4 Rxf4+ 17. Kxf4 Bd6+ 18. Kg4 Qxg2# 0-1


[Site "https://www.chess.com"]

[Event "Titled Tuesday Blitz July 6 2021"]
[White "Cunjalo, Faris"]
[Black "Oliveira, Silvio Eduardo"]
[WhiteFideId "14410710"]
[BlackFideId "2111560"]
[WhiteElo "2234"]
[BlackElo "2302"]
[Result "0-1"]
[Round "11"]
[TimeControl "180+1"]
[Date "2021.07.06"]
[WhiteClock "0:00:11"]
[BlackClock "0:00:24"]

1. d4 Nf6 2. c4 e6 3. Nf3 d5 4. Nc3 Be7 5. g3 O-O 6. Bg2 dxc4 7. Ne5 c5 8. dxc5 Qxd1+ 9. Nxd1 Bxc5 10. O-O Nbd7 11. Nxc4 Nb6 12. Ne5 Bd4 13. Nd3 Nbd5 14. Bd2 a5 15. Rc1 a4 16. e4 Ne7 17. Nc3 Rd8 18. Rfd1 Nc6 19. Nb5 Bb6 20. Bc3 Ne8 21. Ne5 Nxe5 22. Rxd8 Bxd8 23. Bxe5 Bd7 24. Bf1 Bc6 25. f3 Bb6+ 26. Kg2 f6 27. Bc3 Rd8 28. Bc4 Kf7 29. Kf1 h5 30. Ke2 Nd6 31. Nxd6+ Rxd6 32. e5 Rd8 33. Rc2 h4 34. g4 Bg1 35. h3 Bh2 36. exf6 gxf6 37. Rd2 Rc8 38. Bd3 Bf4 39. Rd1 Bd5 40. a3 Bb3 41. Re1 Rd8 42. Be4 b5 43. Bd3 Bg3 44. Rg1 Bc4 45. Bxc4 bxc4 46. Rf1 e5 47. Bd2 Ke6 48. Rc1 Kd5 49. Be3 Rb8 50. Rc2 Rb3 51. Bd2 Rd3 52. Bc3 Bf4 53. Bb4 Rd4 54. Bc3 Rd3 55. Kf2 Be3+ 56. Ke2 Bd4 57. Bb4 Rb3 58. Bc3 Bxc3 59. bxc3 Rxa3 60. Kd2 Rb3 61. Ra2 a3 62. Kc2 Rb2+ 63. Rxb2 axb2 64. Kxb2 e4 65. f4 e3 66. Kc2 Ke4 67. g5 fxg5 68. fxg5 Kf5 69. Kd1 Kxg5 70. Ke2 Kf4 0-1


[Site "https://www.chess.com"]

[Event "Titled Tuesday Blitz July 6 2021"]
[White "Dang, Hoang Son"]
[Black "Pham, Le Thao Nguyen"]
[WhiteFideId "12402435"]
[BlackFideId "12401226"]
[WhiteElo "2248"]
[BlackElo "2286"]
[Result "0-1"]
[Round "11"]
[TimeControl "180+1"]
[Date "2021.07.06"]
[WhiteClock "0:00:01"]
[BlackClock "0:00:05"]

1. e4 c5 2. Nf3 e6 3. d4 cxd4 4. Nxd4 a6 5. Nc3 Qc7 6. g3 b5 7. Bf4 Bb7 8. Bg2 d6 9. Be3 Nc6 10. Nxc6 Bxc6 11. O-O Nf6 12. Re1 Be7 13. Bd4 e5 14. Be3 O-O 15. a3 Qb7 16. Qd3 Rfd8 17. Nd5 Bxd5 18. exd5 Rdc8 19. Rad1 Bd8 20. c3 Bb6 21. h3 Bxe3 22. Rxe3 Qc7 23. Qf5 Qd7 24. Qd3 Rab8 25. g4 Qc7 26. g5 Nd7 27. h4 Nc5 28. Qf5 Qd7 29. Bh3 Qxf5 30. Bxf5 Rc7 31. Rde1 g6 32. Bc2 a5 33. h5 b4 34. f4 Nd7 35. axb4 axb4 36. Ba4 Nc5 37. Bc6 e4 38. f5 bxc3 39. bxc3 gxf5 40. Rf1 f6 41. gxf6 Rf7 42. Rxf5 Rbf8 43. c4 Rxf6 44. Rg5+ Kh8 45. Kg2 h6 46. Rg4 Rg8 47. Kg3 Rxg4+ 48. Kxg4 Kg7 49. Ra3 Rf7 50. Ra8 Kf6 51. Rd8 Ke5 52. Re8+ Kd4 53. Bb5 e3 54. Kg3 Rf1 55. Kg2 Rf2+ 56. Kg1 Rd2 57. Kf1 Rb2 58. Rg8 e2+ 59. Kf2 Nd3+ 60. Kf3 e1=Q 0-1


[Site "https://www.chess.com"]

[Event "Titled Tuesday Blitz July 6 2021"]
[White "Dobre, Claudiu-Cristian"]
[Black "Grebeniuk, Semen"]
[WhiteFideId "1211854"]
[BlackFideId "14117509"]
[WhiteElo "2259"]
[BlackElo "2232"]
[Result "1-0"]
[Round "11"]
[TimeControl "180+1"]
[Date "2021.07.06"]
[WhiteClock "0:01:15"]
[BlackClock "0:00:14"]

1. c4 f5 2. Nf3 Nf6 3. g3 d6 4. Bg2 g6 5. O-O Bg7 6. b4 O-O 7. Bb2 a5 8. b5 e5 9. d3 h6 10. a4 Nbd7 11. Nfd2 Nc5 12. Nb3 Ne6 13. c5 Rb8 14. N1d2 Nd7 15. c6 bxc6 16. Nxa5 cxb5 17. Nc6 Qg5 18. Nxb8 Nxb8 19. axb5 Nd7 20. Ra8 Nb6 21. Ra7 Bd7 22. Qb3 Kh8 23. Nc4 Nc8 24. Ra8 Nc5 25. Qb4 f4 26. b6 cxb6 27. Nxb6 Nxb6 28. Qxb6 Rxa8 29. Bxa8 fxg3 30. hxg3 Bh3 31. Bg2 Bxg2 32. Kxg2 Qd2 33. Qxd6 Qxb2 34. Qxc5 Qxe2 35. Qc4 h5 36. Rb1 1-0


[Site "https://www.chess.com"]

[Event "Titled Tuesday Blitz July 6 2021"]
[White "Dobrov, Vladimir"]
[Black "Jobava, Baadur"]
[WhiteFideId "4136594"]
[BlackFideId "13601520"]
[WhiteElo "2614"]
[BlackElo "2748"]
[Result "0-1"]
[Round "11"]
[TimeControl "180+1"]
[Date "2021.07.06"]
[WhiteClock "0:00:30"]
[BlackClock "0:02:12"]

1. e4 e5 2. Nf3 Nf6 3. Nxe5 d6 4. Nf3 Nxe4 5. Nc3 Nxc3 6. dxc3 Be7 7. Be3 Nc6 8. Qd2 Bf5 9. O-O-O O-O 10. h4 Qd7 11. h5 Rfe8 12. Nh4 Be6 13. b3 Bf6 14. Bd3 Ne5 15. Be4 Nc4 16. bxc4 Qa4 17. Qd3 Bxc4 18. Bxh7+ Kf8 0-1


[Site "https://www.chess.com"]

[Event "Titled Tuesday Blitz July 6 2021"]
[White "Dovbnia, Nikita"]
[Black "Mikhalsky, Vladimir"]
[WhiteFideId "54104599"]
[BlackFideId "14144352"]
[WhiteElo "2121"]
[BlackElo "2280"]
[Result "0-1"]
[Round "11"]
[TimeControl "180+1"]
[Date "2021.07.06"]
[WhiteClock "0:00:02"]
[BlackClock "0:01:12"]

1. e4 g6 2. d4 Bg7 3. Nc3 d6 4. Be3 a6 5. a4 b6 6. Qd2 Bb7 7. h4 h5 8. Nf3 Nf6 9. Ng5 Ng4 10. Bc4 e6 11. O-O-O Nc6 12. Rh3 b5 13. Bb3 Na5 14. Rf3 O-O 15. Ne2 Nxb3+ 16. cxb3 bxa4 17. bxa4 Qd7 18. Qc2 Bc6 19. b3 Rab8 20. Nf4 e5 21. Nd5 Bxd5 22. exd5 Nxe3 23. fxe3 exd4 24. exd4 Rb4 25. Rdf1 Bh6 26. Qc3 a5 27. Kc2 Bxg5 28. hxg5 Qg4 29. Qe3 Qxd4 30. Qxd4 Rxd4 31. Rc3 Rxd5 32. Rxc7 Rxg5 33. Rf2 Rc5+ 34. Rxc5 dxc5 35. Kc3 Rb8 36. Rf6 Rb4 37. Ra6 c4 38. Rxa5 Rxb3+ 39. Kxc4 Rg3 40. Ra8+ Kg7 41. a5 Rxg2 42. a6 Ra2 43. a7 h4 44. Kb5 h3 45. Kb6 h2 46. Rh8 Kxh8 47. Kb7 0-1


[Site "https://www.chess.com"]

[Event "Titled Tuesday Blitz July 6 2021"]
[White "Dubov, Daniil"]
[Black "Le, Tuan Minh"]
[WhiteFideId "24126055"]
[BlackFideId "12401153"]
[WhiteElo "2722"]
[BlackElo "2450"]
[Result "1-0"]
[Round "11"]
[TimeControl "180+1"]
[Date "2021.07.06"]
[WhiteClock "0:01:33"]
[BlackClock "0:00:01"]

1. d4 d5 2. c4 c6 3. Nf3 Nf6 4. Nc3 a6 5. g3 Bf5 6. Bg2 e6 7. Nh4 Bg4 8. h3 Bh5 9. g4 Nfd7 10. Qb3 b5 11. cxd5 cxd5 12. Nxd5 exd5 13. Qxd5 Bb4+ 14. Kf1 Qxh4 15. Bg5 Qxg5 16. Qxg5 Ra7 17. Qxg7 Rf8 18. gxh5 Rc7 19. Qxh7 Nf6 20. Qf5 Be7 21. Bf3 Nbd7 22. e3 Rg8 23. Ke2 Nf8 24. Rac1 Rd7 25. Bc6 Ne6 26. Bxd7+ Nxd7 27. Rc8+ Bd8 28. h6 Rh8 29. h7 Ke7 30. Rg1 Nef8 31. Rg8 Rxh7 32. Rxd8 Kxd8 33. Qxh7 1-0


[Site "https://www.chess.com"]

[Event "Titled Tuesday Blitz July 6 2021"]
[White "Dushyant Sharma"]
[Black "Tomiello, Mateus Costamilan"]
[WhiteFideId "25065130"]
[BlackFideId "22701958"]
[WhiteElo "2019"]
[BlackElo "1995"]
[Result "0-1"]
[Round "11"]
[TimeControl "180+1"]
[Date "2021.07.06"]
[WhiteClock "0:00:06"]
[BlackClock "0:00:28"]

1. e4 e5 2. Nf3 Nc6 3. Nc3 Nf6 4. Bb5 Nd4 5. Ba4 Nxf3+ 6. Qxf3 Bc5 7. d3 O-O 8. Bg5 c6 9. Bb3 d6 10. h3 Be6 11. Ne2 h6 12. h4 Qa5+ 13. Bd2 Qb6 14. Be3 Bxe3 15. fxe3 Qa5+ 16. Kf2 Ng4+ 17. Kg3 h5 18. Rhf1 Qd2 19. Rfd1 Qxe3 20. Qxe3 Nxe3 21. Rd2 d5 22. d4 dxe4 23. Bxe6 fxe6 24. dxe5 Nf1+ 25. Rxf1 Rxf1 26. Rd6 Raf8 27. Rxe6 R1f2 28. Nc3 e3 29. Re7 e2 30. Nxe2 Rxe2 31. e6 Rf6 32. Re8+ Kh7 33. e7 Rfe6 34. Rb8 Rxe7 35. b3 R7e3+ 36. Kf4 Re4+ 37. Kf3 R2e3+ 38. Kf2 Rc3 39. Rxb7 Rxc2+ 40. Kf3 Rg4 41. Rxa7 Rcxg2 42. Rc7 R2g3+ 43. Kf2 Rc3 44. a4 Rb4 45. a5 Rbxb3 46. a6 Rb2+ 0-1


[Site "https://www.chess.com"]